 Dungeon Crawl Stone Soup version 0.30-a0-802-gb92711bcdf (webtiles) character file.

Game seed: 16305368804287002632

158328 jasper the Crack Shot (level 17, -6/160 HPs)
             Began as a Minotaur Hunter on Feb 24, 2023.
             Was the Champion of Okawaru.
             Mangled by a fenstrider witch
             ... wielding a +0 morningstar
              (15 damage)
             ... on level 4 of the Swamp.
             The game lasted 00:54:54 (32992 turns).

jasper the Crack Shot (Minotaur Hunter)            Turns: 32992, Time: 00:54:54

Health: -6/160     AC: 26    Str: 14    XL:     17   Next: 14%
Magic:  21/21      EV: 22    Int: 17    God:    Okawaru [******]
Gold:   3814       SH:  0    Dex: 29    Spells: 11/16 levels left

rFire   + + +      SeeInvis .    d - +5 triple crossbow (drain)
rCold   . . .      Faith    +    (shield currently unavailable)
rNeg    + . .      Spirit   .    T - +7 fire dragon scales "Yreikua" {+Inv rF++ rC- rCorr Str-2}
rPois   +          Reflect  .    k - +0 hat "Qygica" {rC++ rN+ Regen+ Dex-5}
rElec   .          Harm     .    I - +0 cloak
rCorr   +          Rampage  .    D - +0 pair of gloves
Will    +....      Rage     3%   C - +0 pair of boots
Stlth   +                        j - amulet of faith
HPRegen 1.26/turn                N - ring of Fixation {rF+ rC- Int+7 Dex+6 Slay+3}
MPRegen 0.17/turn                O - ring of Summer {rPois rF+ rCorr Int+4 Dex+6}

@: lethally poisoned (-6 -> -9), very slow
A: horns 2, retaliatory headbutt, berserk 1, subdued magic 1
a: Renounce Religion, Evoke Invisibility, Heroism, Finesse, Duel


You were on level 4 of the Swamp.
You worshipped Okawaru.
Okawaru was exalted by your worship.
You visited 5 branches of the dungeon, and saw 27 of its levels.

You collected 4940 gold pieces.
You spent 1126 gold pieces at shops.

Inventory:

Hand Weapons
 a - the +3 triple sword of the Boiling Point {antimagic, rF++ SInv}
   (Okawaru gifted it to you on level 2 of the Lair of Beasts)

   rF:        It greatly protects you from fire.
   SInv:      It lets you see invisible.
 d - a +5 triple crossbow of draining (weapon)
 V - a +2 longbow of flaming
 Y - a +2 arbalest of freezing
Missiles
 h - 4 throwing nets
 S - a datura-tipped dart
 X - 4 curare-tipped darts
Armour
 k - the +0 hat "Qygica" (worn) {rC++ rN+ Regen+ Dex-5}
   (You acquired it on level 5 of the Lair of Beasts)

   Dex:       It affects your dexterity (-5).
   rC:        It greatly protects you from cold.
   rN:        It protects you from negative energy.
   Regen:     It increases your rate of health regeneration.
 C - a +0 pair of boots (worn)
 D - a +0 pair of gloves (worn)
 I - a +0 cloak (worn)
 T - the +7 fire dragon scales "Yreikua" (worn) {+Inv rF++ rC- rCorr Str-2}
   (Okawaru gifted it to you on level 3 of the Swamp)

   Str:       It affects your strength (-2).
   rF:        It greatly protects you from fire.
   rC:        It makes you vulnerable to cold.
   +Inv:      It lets you turn invisible.
   rCorr:     It protects you from acid and corrosion.
 Z - a +0 pair of boots of rampaging
Jewellery
 j - an amulet of faith (around neck)
 m - a ring of protection from cold
 n - the amulet of the Morning {rElec Regen+ Dex+2}
   (You found it on level 6 of the Dungeon)

   [amulet of regeneration]

   Dex:       It affects your dexterity (+2).
   rElec:     It insulates you from electricity.
   Regen:     It increases your rate of health regeneration.
 o - a ring of protection from cold
 x - a ring of protection from cold
 G - a ring of protection from fire
 J - a ring of willpower
 N - the ring of Fixation (left hand) {rF+ rC- Int+7 Dex+6 Slay+3}
   (You found it on level 4 of the Lair of Beasts)

   [ring of dexterity]

   Int:       It affects your intelligence (+7).
   Dex:       It affects your dexterity (+6).
   Slay:      It affects your accuracy & damage with ranged weapons and melee
   (+3).
   rF:        It protects you from fire.
   rC:        It makes you vulnerable to cold.
 O - the ring of Summer (right hand) {rPois rF+ rCorr Int+4 Dex+6}
   (You took it off a wight on level 8 of the Dungeon)

   [ring of dexterity]

   Int:       It affects your intelligence (+4).
   Dex:       It affects your dexterity (+6).
   rF:        It protects you from fire.
   rPois:     It protects you from poison.
   rCorr:     It protects you from acid and corrosion.
Wands
 g - a wand of paralysis (7)
 y - a wand of iceblast (17)
 E - a wand of flame (26)
 L - a wand of polymorph (6)
 Q - a wand of digging (6)
Scrolls
 c - a scroll of enchant armour
 e - 3 scrolls of immolation
 p - 6 scrolls of teleportation
 r - 2 scrolls of torment
 t - 3 scrolls of amnesia
 H - 3 scrolls of vulnerability
 K - 5 scrolls of identify
 M - a scroll of poison
 P - 2 scrolls of magic mapping
 R - 3 scrolls of silence
 W - 2 scrolls of blinking
Potions
 b - 10 potions of curing
 f - 9 potions of lignification
 i - a potion of resistance
 l - 5 potions of might
 q - 2 potions of cancellation
 s - 3 potions of ambrosia
 u - 7 potions of mutation
 v - 5 potions of magic
 w - 3 potions of invisibility
 A - 2 potions of haste
 B - 5 potions of flight
 F - 7 potions of brilliance
 U - a potion of heal wounds
Miscellaneous
 z - a phial of floods


   Skills:
 + Level 16.6 Fighting
 * Level 21.3 Ranged Weapons
 + Level 16.4 Armour
 + Level 15.4 Dodging
 - Level 0.7 Stealth
 - Level 7.2 Invocations


You had 11 spell levels left.
You knew the following spells:

 Your Spells              Type           Power      Damage    Failure   Level
a - Apportation           Tloc           0%         N/A       54%         1
b - Blink                 Tloc           0%         N/A       71%         2
c - Passwall              Tmut/Erth      0%         N/A       71%         2

Your spell library contained the following spells:

 Spells                   Type           Power      Damage    Failure   Level
 Necrotise                Necr           0%         1d4       54%         1
 Ensorcelled Hibernation  Hex/Ice        0%         N/A       71%         2
 Lesser Beckoning         Tloc           0%         N/A       71%         2
 Momentum Strike          Conj/Tloc      0%         3d8       71%         2
 Scorch                   Fire           0%         2d5       71%         2
 Static Discharge         Conj/Air       0%         2-2/arc   71%         2
 Dazzling Flash           Conj/Hex       0%         N/A       90%         3
 Frozen Ramparts          Ice            0%         1d1       90%         3
 Gell's Gravitas          Tloc           0%         N/A       90%         3
 Stone Arrow              Conj/Erth      0%         3d7       90%         3
 Swiftness                Air            0%         N/A       90%         3
 Teleport Other           Tloc           0%         N/A       90%         3
 Vhi's Electric Charge    Tloc/Air       0%         N/A       90%         3
 Airstrike                Air            0%         2d(0-16)  100%        4
 Flame Wave               Conj/Fire      0%         2d4       100%        4
 Ice Form                 Ice/Tmut       0%         N/A       100%        4
 Iskenderun's Mystic Bla  Conj/Tloc      0%         2d3       100%        4
 Leda's Liquefaction      Hex/Erth       0%         N/A       100%        4
 Manifold Assault         Tloc           0%         N/A       100%        4
 Arcjolt                  Conj/Air       0%         1d10      100%        5
 Lee's Rapid Deconstruct  Erth           0%         3d4*      100%        5
 Lightning Bolt           Conj/Air       0%         1d11      100%        5
 Dispersal                Tloc           0%         N/A       100%        6
 Starburst                Conj/Fire      0%         6d3       100%        6
 Statue Form              Tmut/Erth      0%         N/A       100%        6
 Disjunction              Tloc           0%         N/A       100%        8
 Lehudib's Crystal Spear  Conj/Erth      0%         10d2      100%        8
 Summon Small Mammal      Summ           Unusable   N/A       N/A         1
 Animate Armour           Summ/Erth      Unusable   N/A       N/A         4
 Summon Ice Beast         Ice/Summ       Unusable   N/A       N/A         4
 Summon Lightning Spire   Summ/Air       Unusable   N/A       N/A         4
 Summon Cactus Giant      Summ           Unusable   N/A       N/A         6

Dungeon Overview and Level Annotations

Branches:
Dungeon (15/15)            Temple (1/1) D:6            Lair (5/5) D:10
  Swamp (4/4) Lair:2        Snake (0/4) Lair:2        Slime (0/5) Lair:4
    Orc (2/2) D:12            Elf (0/3) Orc:2        Vaults (0/5) D:14
 Depths (0/4) D:15

Altars:
Ashenzari
Dithmenos
Elyvilon
Gozag
Hepliaklqana
Kikubaaqudgha
Makhleb
Nemelex Xobeh
Okawaru
Sif Muna
Trog
Uskayaw
Vehumet
Wu Jian
Xom
Yredelemnul
Zin
The Shining One
Jiyva

Shops:
D:2 ?   D:8 (   D:11 (   D:15 [   Orc:2 =[!*

Portals:
Pandemonium: Orc:2

Annotations:
D:3 Edmund
D:8 1 runed translucent door, pigah's ghost, novice OpWn
D:10 1 transporter
Lair:1 3 runed translucent doors, Frod's ghost, journeyman HuIE


Innate Abilities, Weirdness & Mutations

You have a pair of horns on your head.
You reflexively headbutt those who attack you in melee.
You sometimes lose your temper in combat.
Your spells are a little easier to cast, but a little less powerful.


Message History

Your body is wracked with pain!
The swamp dragon zombie bites you.
The swamp dragon zombie completely misses you.
The swamp dragon zombie tramples you but does no damage.
The fenstrider witch gestures at you while chanting.
The toxic sludge hits you!
You are poisoned.
You partially resist.
Splash!
You fall into the toxic bog.
Moving in this stuff is going to be slow.
The swamp dragon zombie completely misses you.
The swamp dragon zombie barely misses you.
The swamp dragon zombie misses you.
You take 58 damage, and have 49/160 hp.
MASSIVE DAMAGE!!
Fire: d) +5 triple crossbow (drain)
Press: ? - help, Q - select action, (/) - cycle Shift-Dir - straight line, f - swamp dragon zombie
Aim: a swamp dragon zombie (strong, 93% to hit)
You shoot a bolt.
The bolt hits the swamp dragon zombie!!!
The swamp dragon zombie is severely damaged.
You fester in the toxic bog!
You partially resist.
You are more poisoned.
You feel very sick. The fenstrider witch misses you.
The fenstrider witch kicks you but does no damage.
The fenstrider witch casts a spell at you.
Your body is wracked with pain!
* * * LOW HITPOINT WARNING * * *
You take 29 damage, and have 20/160 hp.
Fire: d) +5 triple crossbow (drain)
Press: ? - help, Q - select action, (/) - cycle Shift-Dir - straight line, f/p - swamp dragon zombie
Aim: a swamp dragon zombie (severely damaged, strong, 93% to hit)
You shoot a bolt. The bolt hits the swamp worm!!!
You kill the swamp worm!
Okawaru accepts your kill.
You fester in the toxic bog!
You partially resist.
You are more poisoned.
You feel very sick.
The fenstrider witch gestures at you while chanting.
You barely resist.
The fenstrider witch hits you with a +0 morningstar!
You die...

~~~~ ~~ ~.♣ ♣♣. ~~.
♣.♣♣♣.~§ ~~~♣♣
♣♣<~♣..~) ~~..~♣
♣~.~~.)~~~ ~.~~~.♣♣♣
♣♣[~~..~~~~
.~~~§~~.♣♣♣...[..~~§.
.~~~~~~~.).)~.~...~~.
.~~~~~~<~.§♣@Z~~~§~..
♣.§.♣♣♣♣♣♣)H.....~~~§
♣ ♣♣♣.§.....~~~~
♣~.~~..♣♣§♣~.
♣♣♣♣♣♣♣♣.~~~~♣♣ ♣ ~
♣~~~♣~~~§§~~~~♣
♣~~~.~~~~~~~.~♣
♣.~~.†~~~.§~♣♣♣
♣♣....~~.....♣


You could see a fenstrider witch and a swamp dragon zombie (strong).

Vanquished Creatures
  Jorgrun (Orc:1)
  Rupert (Lair:5)
  Gastronok (Orc:1)
  A thorn hunter (Swamp:3)
  A fenstrider witch (Swamp:1)
  An iron dragon (D:14)
  3 orc warlords (Orc:2)
  A frost giant (D:14)
  Louise (D:14)
  4 bunyips
  Snorg (Orc:1)
  An ettin (D:14)
  2 fire dragons
  A rakshasa (D:14)
  2 entropy weavers (Lair:4)
  3 ghost crabs (Lair:4)
  The ghost of SirDiesAlot the Tainter, a journeyman DsVM of Vehumet (Orc:2)
  14 hydras
  2 demonspawn (Orc:2)
  An ogre mage (D:14)
  Fannar (Orc:1)
  An ice dragon (D:15)
  7 centaur warriors
  5 two-headed ogres
  10 alligators
  A boulder beetle (D:14)
  A tengu warrior (D:15)
  4 death yaks (Lair:5)
  6 orc high priests (Orc:2)
  Sonja (Orc:2)
  Urug (Lair:5)
  4 fire crabs (Lair:4)
  Lodul (D:13)
  5 skeletal warriors (D:15)
  4 goliath frogs
  8 spriggan druids
  A flayed ghost (D:14)
  A death drake (Swamp:2)
  3 swamp dragons
  5 bog bodies
  Pikel (D:6)
  4 wizards (D:12)
  7 orc knights
  A lindwurm (Lair:5)
  2 oklob plants
  11 cyclopes
  A will-o-the-wisp (Lair:1)
  2 deep elf pyromancers
  4 manticores
  11 orc sorcerers
  6 ugly things
  13 elephants
  2 moths of wrath (Orc:2)
  An apocalypse crab (Lair:4)
  4 black mambas
  15 cane toads
  A smoke demon (Orc:2)
  A gargoyle (D:14)
  Maggie (D:7)
  2 unseen horrors
  4 rime drakes
  A swamp worm zombie (Swamp:4)
  A kobold demonologist (D:14)
  4 tengu conjurers
  12 komodo dragons
  4 yaktaurs (D:14)
  A meliai (shapeshifter) (D:14)
  4 tyrant leeches
  A bloated husk (Swamp:2)
  11 hornets
  13 trolls
  19 blink frogs
  An alligator zombie (Swamp:4)
  11 slime creatures
  A ynoxinul (Orc:2)
  15 spriggans
  2 wraiths
  3 shadows
  2 vampires
  Sigmund (D:5)
  6 wyverns
  53 yaks
  3 hogs (Swamp:2)
  A chaos spawn (Orc:2)
  4 steam dragons
  15 vampire mosquitoes
  7 basilisks
  2 nagas (Lair:2)
  11 wargs (Orc:2)
  14 swamp worms
  4 acid dragons
  3 ice beasts
  15 water moccasins
  A meliai simulacrum (D:14)
  39 orc warriors
  7 swamp drakes
  3 black bears
  18 ogres
  9 wolves (Lair:4)
  A boggart (D:14)
  6 centaurs
  2 phantoms
  A lemure (D:6)
  3 kobold brigands
  14 bullfrogs
  3 gnoll sergeants
  6 scorpions
  A necrophage (D:5)
  28 wights
  12 killer bees
  A vampire bat (D:3)
  An electric eel (Lair:4)
  3 howler monkeys
  7 hounds
  A gnoll bouda (Orc:2)
  26 orc priests
  11 iguanas
  23 orc wizards
  6 ogre zombies (D:12)
  A boggart simulacrum (D:14)
  12 adders
  18 gnolls
  3 white imps
  An ufetubus (D:7)
  2 worms (D:3)
  A dart slug (D:4)
  75 orcs
  5 ball pythons
  2 bat skeletons (D:3)
  5 bat zombies (D:3)
  5 endoplasms
  4 giant cockroaches
  6 goblins
  10 hobgoblins
  2 jackals (D:1)
  38 kobolds
  6 quokkas
  A bat (D:2)
  3 frilled lizards
  A goblin skeleton (D:12)
  A goblin zombie (D:12)
  2 hobgoblin zombies (D:12)
  An orc skeleton (D:12)
  13 orc zombies (D:12)
  11 rats
914 creatures vanquished.

Vanquished Creatures (others)
  Kirke (Swamp:2)
  A wizard (D:12)
  A manticore (D:14)
  A bloated husk (Swamp:1)
  2 foxfires (Lair:1)
  26 fungi
  91 plants
123 creatures vanquished.

Grand Total: 1037 creatures vanquished

Notes
Turn   | Place    | Note
-------+----------+-------------------------------------------
     0 | D:1      | jasper the Minotaur Hunter began the quest for the Orb.
     0 | D:1      | Reached XP level 1. HP: 18/18 MP: 0/0
   263 | D:1      | Reached XP level 2. HP: 25/25 MP: 1/1
   434 | D:1      | Reached skill level 1 in Armour
  1073 | D:2      | Found Seozeaf's Magic Scroll Emporium.
  1080 | D:2      | Reached XP level 3. HP: 30/30 MP: 2/2
  1178 | D:2      | Reached skill level 5 in Ranged Weapons
  1424 | D:2      | You fall into a shaft and drop 1 floor!
  1438 | D:3      | Reached XP level 4. HP: 34/38 MP: 3/3
  1530 | D:3      | HP: 1/38 [something (3)]
  1841 | D:2      | Identified the +2 rapier of the Last Eyes {freeze, Drain
                  | rF+ Str+5 Stlth+}
  2025 | D:2      | Bought a scroll of fear for 56 gold pieces
  2333 | D:3      | Found an ancient bone altar of Kikubaaqudgha.
  2340 | D:3      | Reached XP level 5. HP: 45/46 MP: 4/4
  3034 | D:4      | Noticed Edmund
  3222 | D:4      | Reached skill level 6 in Ranged Weapons
  3412 | D:4      | Found an ornate altar of the Wu Jian Council.
  3513 | D:4      | Reached XP level 6. HP: 46/52 MP: 5/5
  3592 | D:4      | Found a broken altar of Ashenzari.
  3661 | D:4      | Found a shimmering blue altar of Sif Muna.
  4018 | D:4      | Found a hide-covered altar of Uskayaw.
  4519 | D:5      | Entered Level 5 of the Dungeon
  4585 | D:5      | Reached XP level 7. HP: 23/60 MP: 6/6
  4857 | D:5      | Reached skill level 7 in Ranged Weapons
  4873 | D:5      | Noticed Sigmund
  4882 | D:5      | Reached skill level 5 in Fighting
  4912 | D:5      | Killed Sigmund
  5087 | D:5      | Reached XP level 8. HP: 61/69 MP: 7/7
  5156 | D:5      | Reached skill level 5 in Dodging
  5269 | D:5      | Reached skill level 8 in Ranged Weapons
  5269 | D:5      | Reached skill level 5 in Armour
  5675 | D:6      | Identified the amulet of the Morning {rElec Regen+ Dex+2}
  5721 | D:6      | Found a staircase to the Ecumenical Temple.
  5729 | Temple   | Entered the Ecumenical Temple
  5736 | Temple   | Became a worshipper of Warmaster Okawaru
  5788 | D:6      | Noticed Pikel
  5803 | D:6      | Killed Pikel
  5803 | D:6      | Reached * piety under Okawaru
  5804 | D:6      | Reached skill level 9 in Ranged Weapons
  5904 | D:6      | Reached ** piety under Okawaru
  5952 | D:6      | Reached XP level 9. HP: 76/78 MP: 8/8
  6085 | D:6      | HP: 2/78 [ogre/+0 giant club (29)]
  6822 | D:6      | Reached *** piety under Okawaru
  6994 | D:6      | Reached skill level 10 in Ranged Weapons
  7327 | D:7      | Reached skill level 1 in Invocations
  7538 | D:7      | Reached **** piety under Okawaru
  7638 | D:7      | Reached XP level 10. HP: 75/88 MP: 10/10
  8057 | D:7      | Reached skill level 11 in Ranged Weapons
  8062 | D:7      | Reached ***** piety under Okawaru
  8220 | D:7      | Noticed Maggie
  8226 | D:7      | Killed Maggie
  8615 | D:8      | Found a runed translucent door.
  8616 | D:8      | Noticed pigah's ghost (novice OpWn)
  8905 | D:8      | Found Tygg's Weapon Shop.
  8935 | D:8      | Identified the ring of Summer {rPois rF+ rCorr Int+4 Dex+6}
  8947 | D:8      | Received a gift from Okawaru
  9273 | D:8      | Found a burning altar of Makhleb.
  9770 | D:9      | Received a gift from Okawaru
 10193 | D:9      | Identified the +1 trident "Aces" {heavy, rPois rF+ Dex-2}
 10242 | D:10     | Entered Level 10 of the Dungeon
 10272 | D:9      | Received a gift from Okawaru
 10290 | D:10     | Reached skill level 12 in Ranged Weapons
 10401 | D:10     | Found a transporter.
 10466 | D:10     | Reached XP level 11. HP: 97/97 MP: 13/13
 10831 | D:10     | Found a shadowy altar of Dithmenos.
 10870 | D:10     | Found a staircase to the Lair.
 11150 | Lair:1   | Entered Level 1 of the Lair of Beasts
 11300 | Lair:1   | Reached ****** piety under Okawaru
 11302 | Lair:1   | Reached skill level 5 in Invocations
 11326 | Lair:1   | Received a gift from Okawaru
 11347 | Lair:1   | Reached skill level 13 in Ranged Weapons
 11654 | Lair:1   | Reached skill level 10 in Fighting
 11811 | Lair:1   | Received a gift from Okawaru
 11936 | Lair:1   | Reached skill level 10 in Armour
 11983 | Lair:1   | Found a runed translucent gate.
 11984 | Lair:1   | Found a runed translucent gate.
 11985 | Lair:1   | Found a runed translucent gate.
 11986 | Lair:1   | Noticed Frod's ghost (journeyman HuIE)
 11987 | Lair:1   | Noticed a glowing orange brain
 11992 | Lair:1   | Found a viscous altar of Jiyva.
 12391 | Lair:2   | Identified the +3 quarterstaff of Fury {freeze, Int+3}
                  | (Okawaru gifted it to you on level 2 of the Lair of Beasts)
 12391 | Lair:2   | Received a gift from Okawaru
 12392 | Lair:2   | Reached XP level 12. HP: 107/107 MP: 15/15
 12637 | Lair:2   | Found a staircase to the Swamp.
 12693 | Lair:2   | Reached skill level 14 in Ranged Weapons
 12946 | Lair:2   | Found a staircase to the Snake Pit.
 13210 | Lair:2   | Identified the +3 triple sword of the Boiling Point
                  | {antimagic, rF++ SInv} (Okawaru gifted it to you on level 2
                  | of the Lair of Beasts)
 13210 | Lair:2   | Received a gift from Okawaru
 13213 | Lair:2   | Reached skill level 10 in Dodging
 13863 | Lair:3   | Identified the +8 chain mail of Fehoam {Harm rC+} (Okawaru
                  | gifted it to you on level 3 of the Lair of Beasts)
 13863 | Lair:3   | Received a gift from Okawaru
 14154 | Lair:3   | Noticed a four-headed hydra
 14164 | Lair:3   | Killed a four-headed hydra
 14373 | Lair:3   | Reached skill level 15 in Ranged Weapons
 15089 | Lair:3   | Reached XP level 13. HP: 110/116 MP: 17/17
 15400 | Lair:4   | Received a gift from Okawaru
 15462 | Lair:4   | Found a viscous altar of Jiyva.
 15462 | Lair:4   | Found a staircase to the Slime Pits.
 16048 | Lair:4   | Found a runed translucent door.
 16607 | Lair:4   | Reached skill level 16 in Ranged Weapons
 17030 | Lair:4   | Identified the ring of Fixation {rF+ rC- Int+7 Dex+6
                  | Slay+3}
 17434 | Lair:5   | Entered Level 5 of the Lair of Beasts
 17509 | Lair:5   | Noticed Rupert
 17766 | D:11     | Identified the +5 chain mail of the Bright God {Harm rF+
                  | Str+2 Int+3} (Okawaru gifted it to you on level 11 of the
                  | Dungeon)
 17766 | D:11     | Received a gift from Okawaru
 17776 | D:11     | Found Himm's Antique Weapon Shoppe.
 19012 | D:12     | Learned a level 1 spell: Apportation
 19015 | D:12     | Learned a level 2 spell: Blink
 19018 | D:12     | Learned a level 2 spell: Passwall
 19223 | D:12     | Found a staircase to the Orcish Mines.
 19250 | D:12     | Reached XP level 14. HP: 17/127 MP: 18/18
 19722 | D:12     | Identified a scroll of acquirement
 19723 | D:12     | Acquired 689 gold pieces
 20071 | Orc:1    | Entered Level 1 of the Orcish Mines
 20194 | Orc:1    | Noticed Fannar
 20200 | Orc:1    | Killed Fannar
 20200 | Orc:1    | Received a gift from Okawaru
 20454 | D:2      | Bought a scroll of brand weapon for 133 gold pieces
 20458 | D:2      | Bought a scroll of torment for 133 gold pieces
 20458 | D:2      | Bought a scroll of enchant weapon for 105 gold pieces
 20458 | D:2      | Bought a scroll of immolation for 56 gold pieces
 20458 | D:2      | Bought a scroll of magic mapping for 105 gold pieces
 20899 | Orc:1    | Noticed Snorg
 20907 | Orc:1    | Killed Snorg
 20945 | Orc:1    | You fall into a shaft and drop 1 floor!
 20945 | Orc:2    | Entered Level 2 of the Orcish Mines
 20949 | Orc:2    | Reached skill level 17 in Ranged Weapons
 20954 | Orc:2    | Noticed an orc warlord
 20966 | Orc:2    | Killed an orc warlord
 21166 | Orc:1    | Noticed Jorgrun
 21172 | Orc:1    | Killed Jorgrun
 21331 | Orc:1    | Noticed Gastronok
 21335 | Orc:1    | Killed Gastronok
 21444 | Orc:2    | Noticed Sonja
 21455 | Orc:2    | Killed Sonja
 21895 | Orc:2    | Found a staircase to the Elven Halls.
 21896 | Orc:2    | Noticed an orc warlord
 21898 | Orc:2    | Received a gift from Okawaru
 21916 | Orc:2    | Killed an orc warlord
 22153 | Orc:2    | Noticed an orc warlord
 22161 | Orc:2    | Killed an orc warlord
 22630 | Orc:2    | Found a transporter.
 22636 | Orc:2    | Noticed SirDiesAlot's ghost (journeyman DsVM)
 22720 | Orc:2    | Found a transporter.
 22929 | Orc:2    | Found Katathruo's Distillery.
 22932 | Orc:2    | Found Wixeeg's General Store.
 22957 | Orc:2    | Bought a scroll of vulnerability for 60 gold pieces
 22994 | Orc:2    | Identified the +7 great mace of Dominance {speed, Fly rCorr
                  | Str-3 Stlth+} (Okawaru gifted it to you on level 2 of the
                  | Orcish Mines)
 22994 | Orc:2    | Received a gift from Okawaru
 23009 | Orc:2    | Reached skill level 18 in Ranged Weapons
 23265 | Orc:2    | Gained mutation: Your spells are a little easier to cast,
                  | but a little less powerful. [a neqoxec]
 23266 | Orc:2    | Gained mutation: You sometimes lose your temper in combat.
                  | [a neqoxec]
 23503 | Orc:2    | Identified the +7 longbow of Terror {drain, rC- Will+
                  | Str+4} (Okawaru gifted it to you on level 2 of the Orcish
                  | Mines)
 23503 | Orc:2    | Received a gift from Okawaru
 23560 | Orc:2    | Found Riocuatz's Antique Armour Emporium.
 23560 | Orc:2    | Found Reusez's Jewellery Shoppe.
 23561 | Orc:2    | Found a one-way gate leading to the halls of Pandemonium.
 23707 | Orc:2    | Killed SirDiesAlot's ghost
 23708 | Orc:2    | Reached XP level 15. HP: 86/138 MP: 19/19
 23861 | Orc:2    | Identified the ring "Osellutoi" {Drain rC- rN+ rCorr Str+9}
 24473 | D:13     | Identified the +0 chain mail "Woleczit" {Dex+5}
 24591 | D:13     | Noticed Lodul
 24607 | D:13     | Killed Lodul
 24857 | D:13     | Received a gift from Okawaru
 25178 | D:14     | Noticed an iron dragon
 25208 | D:14     | Noticed a frost giant
 25482 | D:15     | Entered Level 15 of the Dungeon
 25570 | D:15     | Received a gift from Okawaru
 25570 | D:15     | Found the +5 robe of Night {Dark Will+ SInv}
 25573 | D:15     | Reached skill level 19 in Ranged Weapons
 26461 | D:15     | Found Pofetaf's Antique Armour Boutique.
 26470 | D:15     | Bought a masterwork chain mail for 275 gold pieces
 26470 | D:15     | Identified the +1 chain mail of Beogh's Regard {Int+5} (You
                  | bought it in a shop on level 15 of the Dungeon)
 26470 | D:15     | Bought a glowing hat for 203 gold pieces
 26928 | D:15     | Reached skill level 15 in Fighting
 26930 | D:15     | Found a staircase to the Depths.
 27244 | Lair:5   | Killed Rupert
 27389 | Lair:5   | Acquired the +0 hat "Qygica" {rC++ rN+ Regen+ Dex-5}
 27600 | Lair:5   | Reached skill level 15 in Armour
 27605 | Lair:5   | Received a gift from Okawaru
 27686 | Lair:5   | Noticed Urug
 27689 | Lair:5   | Killed Urug
 27743 | Lair:5   | Reached XP level 16. HP: 149/149 MP: 20/20
 28471 | D:14     | Reached skill level 20 in Ranged Weapons
 28916 | D:14     | Found a gate to the Vaults.
 29024 | D:14     | Noticed Louise
 29030 | D:14     | Killed Louise
 29030 | D:14     | Identified the +0 plate armour of Reoveef {Str+2} (Okawaru
                  | gifted it to you on level 14 of the Dungeon)
 29030 | D:14     | Received a gift from Okawaru
 29577 | Swamp:1  | Entered Level 1 of the Swamp
 29998 | Swamp:1  | Acquired 873 gold pieces
 30013 | Swamp:1  | Paralysed by a fenstrider witch for 2 turns
 31055 | Swamp:2  | Noticed Kirke
 31062 | Swamp:2  | Noticed a sphinx
 31067 | Swamp:2  | Killed Kirke
 31490 | Swamp:3  | Reached skill level 15 in Dodging
 31795 | Swamp:3  | Noticed a thorn hunter
 31803 | Swamp:3  | Killed a thorn hunter
 31805 | Swamp:3  | Received a gift from Okawaru
 32029 | Swamp:3  | Reached skill level 21 in Ranged Weapons
 32315 | Swamp:4  | Entered Level 4 of the Swamp
 32885 | Swamp:3  | Identified the +7 fire dragon scales "Yreikua" {+Inv rF++
                  | rC- rCorr Str-2} (Okawaru gifted it to you on level 3 of
                  | the Swamp)
 32885 | Swamp:3  | Received a gift from Okawaru
 32886 | Swamp:3  | Reached XP level 17. HP: 137/159 MP: 21/21
 32992 | Swamp:4  | Mangled by a fenstrider witch

Illustrated notes

Levels and vault maps discovered:
D:1:      dpeg_cavernosity, layout_loops_ring
D:2:      layout_loops_ring, serial_shops, shop, minmay_heptomino_o4
D:3:      layout_loops_corners, kennysheep_vampire_church
D:4:      kennysheep_kobold_camp, layout_loops_corners, kennysheep_mini,
          lemuel_coloured_pillars_altar, mainiacjoe_overflow_big_doors,
          uniq_edmund
D:5:      layout_basic, uniq_sigmund
D:6:      minmay_general_purpose_star, layout_basic, minmay_temple_entry_arrows,
          minmay_misc_feat_columns, uniq_pikel
D:7:      cheibrodos_barr_body, layout_basic, st_stairs_13,
          chequers_serial_rivers_small_b, corexii_hall_statues_l, uniq_maggie
D:8:      layout_basic, mainiacjoe_overflow_alcove_2, serial_shops,
          nicolae_shop_waterfront, ebering_ghost_inner_flame
D:9:      layout_roguey
D:10:     layout_roguey, mainiacjoe_overflow_alcove_1,
          grunt_lair_entry_orc_guard_hut, nicolae_diode_basic
D:11:     layout_stronghold, serial_shops, shop
D:12:     minmay_wizard_corner, layout_basic, zombieorc1_lemuel,
          serial_bayou_ford_a
D:13:     layout_loops_ring, uniq_lodul
D:14:     minmay_connected_boxes_in_corner, layout_irregular_city,
          hangedman_vaults_entry_quadrant_bands, grunt_decor_fettered,
          minmay_radiant, uniq_louise
D:15:     grunt_enter_depths_hoard, layout_basic, serial_shops,
          nicolae_shop_advertising_works [nicolae_subvault_shop_adworks],
          serial_rivers, chequers_serial_rivers_marsh,
          chequers_serial_rivers_small_a, chequers_serial_rivers_room_a,
          chequers_serial_rivers_micro_e, chequers_serial_rivers_large_a,
          serial_park_tiny_pond
Temple:   hellmonk_temple_two_chambers
Lair:1:   layout_chaotic_city, gammafunk_ghost_ooze, grunt_megastairs_3
Lair:2:   layout_regular_city, minmay_swamp_entry_wisps,
          guppyfry_snake_entry_island
Lair:3:   layout_small_grid, serial_bayou_crossing
Lair:4:   gammafunk_mikee_crab_dinner, layout_cave_pods,
          minmay_slime_entry_oklob_enclosed, infiniplex_staircase_pool,
          lemuel_fruit_fields, serial_bayou_shore_a, grunt_megastairs_2
Lair:5:   guppyfry_lair_end_dragon, layout_gridlike, uniq_urug, uniq_rupert
Swamp:1:  layout_basic_swamp, hangedman_swamp_ruin_wall, ldierk_geyser
Swamp:2:  layout_basic_swamp, evilmike_swamp_ruin_house_5, swamp_pool5,
          nicolae_swamp_round_clearing, uniq_kirke
Swamp:3:  layout_basic_swamp, hangedman_swamp_diagram, swamp_pool2
Swamp:4:  swamp_pestilence, layout_basic_swamp
Orc:1:    layout_diamond_mine, uniq_fannar, uniq_snorg, uniq_gastronok,
          uniq_jorgrun
Orc:2:    pf_orc_diabolical, layout_diamond_mine,
          gammafunk_ghost_berserking_beasts, lemuel_statue_altar, uniq_sonja

Skill      XL: |  1  2  3  4  5  6  7  8  9 10 11 12 13 14 15 16 |
---------------+-------------------------------------------------+-----
Armour         | 1 2 3 4 6 7 8 10 11 12 13 15 16 | 16.4
Ranged Weapons | 5 6 7 9 10 12 13 15 16 18 19 21 | 21.3
Fighting       | 3 4 5 6 8 9 10 11 12 14 15 16 | 16.6
Dodging        | 3 4 6 7 8 9 10 11 13 14 15 | 15.4
Invocations    | 2 4 5 7 |  7.2
Stealth        | |  0.7

Action                     |  1- 3 |  4- 6 |  7- 9 | 10-12 | 13-15 | 16-18 || total
---------------------------+-------+-------+-------+-------+-------+-------++-------
  Melee: Shortbow          |       |     4 |       |       |       |       ||     4
         Headbutt          |       |     1 |       |       |     2 |       ||     3
         Triple crossbow   |       |       |       |       |     2 |       ||     2
         Triple sword      |       |       |       |       |     8 |       ||     8
   Fire: Shortbow          |    86 |   229 |   223 |    54 |       |       ||   592
         Arbalest          |       |       |       |   334 |   348 |       ||   682
         Longbow           |       |       |       |   210 |     9 |       ||   219
         Triple crossbow   |       |       |       |       |   622 |   362 ||   984
  Throw: Throwing net      |       |     1 |       |       |       |       ||     1
 Invoke: Heroism           |       |       |       |       |     1 |       ||     1
         Finesse           |       |       |       |       |     1 |       ||     1
  Evoke: Wand              |       |       |       |     1 |       |       ||     1
    Use: Scroll            |       |     9 |    11 |     8 |    27 |     2 ||    57
         Potion            |       |     1 |     1 |       |     5 |       ||     7
 Armour: Chain mail        |    40 |   184 |       |       |       |       ||   224
         Scale mail        |       |     1 |    58 |    10 |       |       ||    69
         Acid dragon scale |       |       |       |    71 |   171 |    29 ||   271
         Swamp dragon scal |       |       |       |    17 |       |       ||    17
         Fire dragon scale |       |       |       |       |       |    12 ||    12
  Dodge: Dodged            |    18 |    79 |   121 |   288 |   665 |   208 ||  1379

Table legend: (Time is in decaauts)
 A = Elapsed time spent in this place.
 B = Non-inter-level travel time spent in this place.
 C = Inter-level travel time spent in this place.
 D = Time resting spent in this place.
 E = Time spent auto-exploring this place.
 F = Levels seen in this place.
 G = Mean time per level.
                   A        B        C        D        E       F      G
               +--------+--------+--------+--------+--------+-----+--------+
         Total |  34216 |  31911 |   2305 |   5427 |  21364 |  27 | 1267.3 |
       Dungeon |  19344 |  17805 |   1539 |   1883 |  13122 |  15 | 1289.6 |
        Temple |     23 |     18 |      5 |      0 |      0 |   1 |   23.0 |
          Lair |   7843 |   7465 |    378 |   1130 |   5230 |   5 | 1568.6 |
         Swamp |   3378 |   3176 |    202 |   1300 |   1351 |   4 |  844.5 |
  Orcish Mines |   3625 |   3444 |    181 |   1112 |   1660 |   2 | 1812.5 |
               +--------+--------+--------+--------+--------+-----+--------+

Top non-repeatable levels by time:
   Orc:2: 2870 daAuts
  Lair:4: 2319 daAuts
    D:12: 1907 daAuts
     D:6: 1729 daAuts
    D:14: 1708 daAuts
  Lair:2: 1619 daAuts
     D:4: 1619 daAuts
    D:15: 1619 daAuts
  Lair:3: 1571 daAuts
     D:7: 1440 daAuts
     D:3: 1310 daAuts
  Lair:1: 1292 daAuts
    D:10: 1177 daAuts
 Swamp:3: 1160 daAuts
     D:1: 1103 daAuts
